Map: Jagannatha LE

Players

MaNa - Winner!

  • Race: Protoss Protoss

Harstem

  • Race: Protoss Protoss

Event: DreamHack SC2 Masters 2021 Fall

VOD

Have the link to the VOD?

Description

Time

  • Played on: July 28, 2021, 12:31 p.m.
  • Length: 7:40

All games in this series

Show
View Real Time Build Order
Export as new Build Order

MaNa Protoss - Winner!

Build Orders:  

Get SALT Encoding   

  12  0:00  Probe  
  13  0:12  Probe  
  14  0:17  Pylon  
  14  0:24  Probe (Chrono Boost)  
  15  0:36  Probe (Chrono Boost)  
  15  0:37  Gateway  
  16  0:44  Probe (Chrono Boost)  
  16  0:46  Assimilator  
  17  0:51  Probe  
  18  1:03  Probe (Chrono Boost)  
  19  1:04  Assimilator  
  19  1:11  Gateway  
  19  1:12  Probe (Chrono Boost)  
  19  1:17  Probe (Chrono Boost)  
  20  1:25  Cybernetics Core  
  21  1:29  Probe  
  22  1:36  Pylon  
  22  1:41  Probe  
  23  1:54  Probe  
  24  2:01  Warp Gate (Chrono Boost)  
  24  2:02  Stalker x2  
  24  2:08  Probe  
  29  2:16  Pylon  
  29  2:32  Stalker  
  29  2:34  Stalker  
  33  2:56  Nexus  
  33  2:59  Probe  
  34  3:11  Pylon  
  34  3:13  Shield Battery  
  34  3:15  Probe  
  35  3:27  Probe  
  36  3:39  Probe  
  37  3:42  Stalker x2  
  41  3:49  Twilight Council  
  41  3:52  Probe  
  42  4:08  Probe  
  42  4:09  Adept x2  
  45  4:12  Probe  
  46  4:20  Probe  
  44  4:30  Adept x2  
  48  4:33  Probe x2 (Chrono Boost)  
  50  4:40  Blink (Chrono Boost)  
  50  4:43  Probe x2 (Chrono Boost)  
  52  4:48  Probe x2 (Chrono Boost)  
  52  4:51  Sentry  
  52  4:52  Sentry  
  58  5:00  Probe  
  58  5:01  Probe  
  56  5:12  Probe  
  56  5:13  Probe  
  56  5:16  Stalker x2  
  58  5:24  Probe  
  58  5:25  Probe  
  58  5:36  Probe  
  58  5:37  Probe  
  58  5:40  Stalker  
  62  5:46  Shield Battery  
  62  5:54  Shield Battery  
  62  6:02  Phoenix  
  62  6:06  Probe  
  62  6:13  Robotics Facility  
  62  6:15  Probe  
  62  6:18  Pylon, Probe  
  62  6:23  Forge  
  61  6:26  Assimilator  
  61  6:27  Probe  
  61  6:31  Phoenix  
  62  6:36  Stalker x2  
  62  6:37  Pylon  
  62  6:39  Gateway  
  66  6:40  Gateway  
  66  6:44  Pylon  
  66  6:45  Probe x2  
  68  7:00  Observer, Stalker  
  68  7:01  Stalker  
  73  7:07  Nexus  
  73  7:12  Pylon  
  73  7:22  Stalker  
  75  7:23  Stalker  
Show
View Real Time Build Order
Export as new Build Order

Harstem Protoss 

Build Orders: Oracle Opening 

Get SALT Encoding   

  12  0:00  Probe  
  13  0:12  Probe  
  14  0:17  Pylon  
  14  0:25  Probe (Chrono Boost)  
  15  0:37  Probe (Chrono Boost)  
  15  0:38  Gateway  
  16  0:45  Probe (Chrono Boost)  
  16  0:47  Assimilator  
  17  0:51  Probe  
  17  0:56  Assimilator  
  18  1:03  Probe (Chrono Boost)  
  19  1:12  Gateway  
  19  1:15  Probe (Chrono Boost)  
  20  1:20  Probe (Chrono Boost)  
  21  1:30  Cybernetics Core  
  21  1:32  Probe  
  22  1:40  Pylon  
  22  1:44  Probe  
  23  1:53  Pylon  
  24  2:06  Adept  
  26  2:10  Adept  
  26  2:13  Warp Gate  
  28  2:22  Stargate  
  27  2:28  Pylon  
  27  2:33  Probe  
  28  2:47  Stalker  
  28  2:50  Stalker  
  32  3:03  Oracle (Chrono Boost)  
  35  3:25  Nexus  
  35  3:33  Pylon  
  35  3:37  Probe  
  36  3:49  Probe  
  37  4:00  Shield Battery  
  37  4:01  Stalker, Probe  
  39  4:07  Stalker  
  41  4:15  Shield Battery  
  41  4:16  Probe  
  42  4:28  Probe (Chrono Boost)  
  42  4:30  Robotics Facility  
  40  4:36  Oracle (Chrono Boost)  
  41  4:40  Probe (Chrono Boost)  
  41  4:45  Sentry, Probe (Chrono Boost)  
  48  4:54  Stalker  
  48  4:56  Probe  
  46  5:13  Stalker  
  44  5:17  Stalker  
  44  5:22  Probe (Chrono Boost)  
  44  5:23  Probe (Chrono Boost)  
  47  5:41  Pylon  
  45  5:46  Stalker  
  45  5:51  Probe  
  45  5:52  Probe  
  45  5:56  Pylon  
  45  6:03  Probe  
  47  6:04  Probe  
  47  6:09  Observer  
  48  6:15  Probe (Chrono Boost)  
  48  6:17  Probe (Chrono Boost)  
  48  6:20  Robotics Bay  
  48  6:22  Shield Battery  
  48  6:27  Probe (Chrono Boost)  
  50  6:34  Probe (Chrono Boost)  
  50  6:36  Probe (Chrono Boost)  
  51  6:40  Probe (Chrono Boost)  
  51  6:42  Probe (Chrono Boost)  
  53  6:50  Assimilator  
  53  6:52  Probe (Chrono Boost)  
  55  6:54  Twilight Council  
  55  7:00  Probe (Chrono Boost)  
  56  7:02  Pylon, Probe (Chrono Boost)  
  56  7:06  Probe (Chrono Boost)  
  56  7:07  Probe (Chrono Boost)  
  60  7:15  Pylon  
  61  7:18  Probe  
  61  7:19  Pylon  
  61  7:20  Probe  
  63  7:34  Stalker x2  

Tags
 
Add a new tag
Caveats
  • Supply blocks, unpowered buildings, or Contaminate may cause inaccurate times.
  • Supply counts are checked every 10 seconds.